 Dungeon Crawl Stone Soup version 0.24-a0-11-g46ee55f (webtiles) character file.

Game seed: 801957857240501045

840 JeffiDaFish the Magician (level 7, -5/32 HPs)
             Began as a Deep Elf Fire Elementalist on Jan 31, 2019.
             Was a Follower of Sif Muna.
             Slain by an orc warrior
             ... wielding a +0 scimitar
              (13 damage)
             ... on level 6 of the Dungeon.
             The game lasted 00:12:11 (4946 turns).

JeffiDaFish the Magician (DEFE)                     Turns: 4946, Time: 00:12:11

Health: -5/32      AC:  4    Str:  5    XL:     7   Next: 67%
Magic:  22/28      EV: 15    Int: 22    God:    Sif Muna [*.....]
Gold:   264        SH:  0    Dex: 15    Spells: 7/20 levels left

rFire    . . .     SeeInvis .   b - +0 dagger
rCold    . . .     Gourm    +   (no shield)
rNeg     . . .     Faith    .   a - +1 robe
rPois    .         Spirit   .   (no helmet)
rElec    .         Reflect  .   (no cloak)
rCorr    .         Harm     .   (no gloves)
MR       .....                  k - +0 pair of boots
Stlth    ++........             h - amulet of the gourmand
HPRegen  0.10/turn              d - ring of magical power
MPRegen  0.21/turn              (no ring)

@: no status effects
A: talons 2, frail 1, MP-powered wands
a: Divine Energy, Renounce Religion


You were on level 6 of the Dungeon.
You worshipped Sif Muna.
Sif Muna was aware of your devotion.
You were not hungry.

You visited 2 branches of the dungeon, and saw 7 of its levels.

You collected 264 gold pieces.

Inventory:

Hand Weapons
 b - a +0 dagger (weapon)
Armour
 a - a +1 robe (worn)
 k - a +0 pair of boots (worn)
Jewellery
 d - a ring of magical power (left hand)
 h - an amulet of the gourmand (around neck)
Wands
 f - a wand of acid (8)
 l - a wand of flame (20)
Scrolls
 g - a scroll of fear
 j - a scroll of identify
Potions
 e - 3 potions of heal wounds
 i - a potion of haste
 m - a potion of might {unknown}
Comestibles
 c - 11 rations


   Skills:
 + Level 4.7 Dodging
 - Level 2.5 Stealth
 * Level 7.0 Spellcasting
 + Level 4.0 Conjurations
 * Level 6.4 Fire Magic


You had 7 spell levels left.
You knew the following spells:

 Your Spells              Type           Power        Failure   Level  Hunger
a - Flame Tongue          Conj/Fire      ####.        1%          1    None
b - Conjure Flame         Conj/Fire      ####....     2%          3    None
c - Sticky Flame          Conj/Fire      ####....     10%         4    ###....
d - Fireball              Conj/Fire      ####......   26%         5    #####..

Your spell library contained the following spells:

 Spells                   Type           Power        Failure   Level  Hunger
 Throw Flame              Conj/Fire      ####..       1%          2    None
 Inner Flame              Hex/Fire       ###.....     7%          3    None


Dungeon Overview and Level Annotations

Branches:
Dungeon (6/15)             Temple (1/1) D:4

Altars:
Dithmenos
Elyvilon
Fedhas
Gozag
Hepliaklqana
Okawaru
Sif Muna
Wu Jian
Xom
Zin
The Shining One


Innate Abilities, Weirdness & Mutations

You have razor-sharp toenails.
You are frail. (-10% HP)
You expend magic power (3 MP) to strengthen your wands.


Message History

Aiming: Flame Tongue (safe; 1% risk of failure)
Press: ? - help, Shift-Dir - straight line, f/p - orc
Aim: an orc (heavily wounded)
The flame tongue hits the orc!
You kill the orc!
Sif Muna accepts your kill.
Casting: Flame Tongue (safe; 1% risk of failure)
Confirm with . or Enter, or press ? or * to list all spells.
Aiming: Sticky Flame (safe; 10% risk of failure)
Press: ? - help, Shift-Dir - straight line, f - orc warrior
Aim: an orc warrior, wielding a +0 scimitar and wearing a +0 plate armour The sticky flame hits the orc warrior.
The orc warrior is lightly wounded.
The orc warrior is covered in liquid flames!
The orc warrior burns!
The orc warrior hits you with a +0 scimitar!
* * * LOW HITPOINT WARNING * * *
The orc warrior burns!
The orc warrior hits you with a +0 scimitar!
You die...

## [### ..# .#
..#####.#####...
#..............#
#..@..## #
#oo....#.#
######o###......
..........#.##...
######.......# ..
#.....o.....#
#...........#
#....o....###
.....Y..#..#


You could see an orc warrior (burning) and 2 orcs.

Vanquished Creatures
  An ogre (D:5)
  A big kobold (D:5)
  A scorpion (D:5)
  3 hounds
  A bullfrog zombie (D:5)
  An orc priest (D:4)
  A centaur skeleton (D:4)
  Terence (D:2)
  Jessica (D:2)
  An iguana (D:4)
  4 worker ants
  Natasha (thrice) (D:2)
  2 hound skeletons
  4 adders
  2 worms
  3 dart slugs
  3 leopard geckos
  5 orcs
  2 ball pythons
  9 bats
  4 giant cockroaches
  16 goblins
  7 hobgoblins
  12 jackals
  2 quokkas
  10 frilled lizards
  24 kobolds
  2 leopard gecko skeletons (D:4)
  12 rats
  A plant (D:5)
139 creatures vanquished.

Vanquished Creatures (others)
  A plant (D:5)
1 creature vanquished.

Grand Total: 140 creatures vanquished

Notes
Turn   | Place    | Note
-------+----------+-------------------------------------------
     0 | D:1      | JeffiDaFish the Deep Elf Fire Elementalist began the quest
                  | for the Orb.
     0 | D:1      | Reached XP level 1. HP: 10/10 MP: 6/6
   111 | D:1      | Reached XP level 2. HP: 15/15 MP: 5/8
   437 | D:1      | Reached XP level 3. HP: 7/19 MP: 0/10
   916 | D:1      | Learned a level 3 spell: Conjure Flame
  1031 | D:2      | Noticed Terence
  1048 | D:2      | Killed Terence
  1048 | D:2      | Reached XP level 4. HP: 24/24 MP: 4/11
  1252 | D:2      | Reached skill level 4 in Spellcasting
  1255 | D:2      | Noticed Jessica
  1265 | D:2      | Killed Jessica
  1612 | D:2      | Learned a level 4 spell: Sticky Flame
  1644 | D:2      | Gained mutation: You are frail. (-10% HP) [potion of
                  | mutation]
  1644 | D:2      | Gained mutation: You have sharp toenails. [potion of
                  | mutation]
  1644 | D:2      | Gained mutation: You expend magic power (3 MP) to
                  | strengthen your wands. [potion of mutation]
  1644 | D:2      | Gained mutation: You have razor-sharp toenails. [potion of
                  | mutation]
  1692 | D:2      | Noticed Natasha
  1701 | D:2      | Killed Natasha
  1701 | D:2      | Reached XP level 5. HP: 16/25 MP: 13/13
  1893 | D:2      | Noticed Natasha
  1896 | D:2      | Killed Natasha
  1993 | D:2      | Learned a level 5 spell: Fireball
  1998 | D:2      | Noticed Natasha
  2004 | D:2      | Killed Natasha
  2184 | D:3      | Found a faded altar of an unknown god.
  2392 | D:3      | Found a white marble altar of Elyvilon.
  2424 | D:3      | Found a glowing golden altar of the Shining One.
  2462 | D:3      | Reached skill level 5 in Spellcasting
  2462 | D:3      | Reached skill level 5 in Fire Magic
  2826 | D:4      | Found a staircase to the Ecumenical Temple.
  2830 | D:4      | Reached XP level 6. HP: 28/28 MP: 15/15
  2834 | Temple   | Entered the Ecumenical Temple
  2849 | Temple   | Became a worshipper of Sif Muna the Loreminder
  3646 | D:5      | Entered Level 5 of the Dungeon
  3650 | D:5      | Reached skill level 6 in Spellcasting
  3655 | D:5      | Found a glowing golden altar of the Shining One.
  3664 | D:5      | Reached XP level 7. HP: 32/32 MP: 12/18
  4201 | D:5      | Reached * piety under Sif Muna
  4274 | D:5      | Found a glowing silver altar of Zin.
  4357 | D:5      | Found an ornate altar of the Wu Jian Council.
  4698 | D:5      | Reached skill level 7 in Spellcasting
  4946 | D:6      | Slain by an orc warrior

Vault maps used:
D:1:      lightli_arrival_flooded_house, chequers_serial_rivers_room_a
D:2:      uniq_jessica, uniq_natasha, uniq_terence
D:3:      nicolae_tso_carved_into_rock, lemuel_round_altar,
          chequers_ecumenical_altar_island, minmay_quantized
D:4:      minmay_recursive_quarters, minmay_temple_entry_proselytizer,
          first_ration
D:5:      kennysheep_kobold_camp, zin_academy, kennysheep_mini_moat,
          lemuel_tele_altar
D:6:      led_sif_book
Temple:   eino_wide_crystal_templ

Skill      XL: |  1  2  3  4  5  6  7 |
---------------+----------------------+-----
Dodging        | 3 4 |  4.7
Fire Magic     | 4 5 6 |  6.4
Spellcasting   | 4 5 6 7 |  7.0
Conjurations   | 2 3 4 |  4.0
Stealth        | |  2.5

Action                   |  1- 3 |  4- 6 |  7- 9 || total
-------------------------+-------+-------+-------++-------
Melee: Unarmed           |    15 |       |       ||    15
       Dagger            |       |     8 |    35 ||    43
       Kick              |       |       |     6 ||     6
 Cast: Flame Tongue      |    65 |   131 |    64 ||   260
       Conjure Flame     |     1 |     3 |     1 ||     5
       Sticky Flame      |       |    10 |     4 ||    14
       Fireball          |       |       |     3 ||     3
  Use: Scroll            |     2 |     7 |       ||     9
       Potion            |     1 |     4 |     1 ||     6
  Eat: Chunk             |       |     9 |     8 ||    17
Armor: Robe              |    13 |     4 |    16 ||    33
Dodge: Dodged            |    22 |    42 |    38 ||   102

Table legend:
 A = Non-vault XP
 B = Vault XP
 C = Vault XP percentage of total XP
 D = Non-vault monster count
 E = Vault monster count
 F = Vault count percentage of total count
                 A         B        C        D         E       F
            +---------+---------+-------+---------+---------+-------
      Total |     850 |     351 |  29.2 |     103 |      35 |  25.4
            +---------+---------+-------+---------+---------+-------
        D:1 |      57 |       0 |   0.0 |      35 |       0 |   0.0
        D:2 |     110 |     110 |  50.0 |      20 |       3 |  13.0
        D:3 |      61 |      10 |  14.1 |      23 |       5 |  17.9
        D:4 |     186 |     106 |  36.3 |      12 |       6 |  33.3
        D:5 |     433 |     125 |  22.4 |      12 |      21 |  63.6
        D:6 |       3 |       0 |   0.0 |       1 |       0 |   0.0
            +---------+---------+-------+---------+---------+-------
